 Dungeon Crawl Stone Soup version 0.26.1-2-gb8aa6d0cf2 (webtiles) character file.

Game seed: 17872828276214610258

574 hawla the Conjurer (level 7, -1/55 HPs)
             Began as a Deep Elf Conjurer on Feb 25, 2021.
             Slain by a lemure (6 damage)
             ... led by Pikel
             ... on level 4 of the Dungeon.
             The game lasted 00:13:09 (5016 turns).

hawla the Conjurer (Deep Elf Conjurer)              Turns: 5016, Time: 00:13:10

Health: -1/55      AC:  4    Str:  4    XL:     7   Next: 12%
Magic:  1/18       EV: 13    Int: 25    God:
Gold:   197        SH:  0    Dex: 13    Spells: 11/18 levels left

rFire    + . .     SeeInvis .   (no weapon)
rCold    . . .     Faith    .   (no shield)
rNeg     . . .     Spirit   .   a - +2 robe
rPois    .         Reflect  .   (no helmet)
rElec    .         Harm     .   (no cloak)
rCorr    .         Rampage  .   (no gloves)
Will     .....                  (no boots)
Stlth    ..........             (no amulet)
HPRegen  0.18/turn              i - ring of protection from fire
MPRegen  0.16/turn              (no ring)

@: berserking, very slightly contaminated, very quick
A: no striking features
a: no special abilities


You were on level 4 of the Dungeon.
You visited 1 branch of the dungeon, and saw 4 of its levels.
You also visited: Sewer.

You collected 197 gold pieces.

Inventory:

Missiles
 m - 5 atropa-tipped darts
 n - 2 poisoned darts
Armour
 a - a +2 robe (worn)
Jewellery
 i - a ring of protection from fire (left hand)
 j - an uncursed amulet of guardian spirit
Scrolls
 b - a scroll of magic mapping
 c - 2 scrolls of teleportation
 f - 4 scrolls of remove curse
 g - a scroll of enchant weapon {unknown}
 l - a scroll of fog
 p - 2 scrolls of blinking
Potions
 d - a potion of curing
 e - a potion of cancellation
 k - a potion of degeneration {unknown}
 o - a potion of mutation {unknown}
 q - a potion of heal wounds {unknown}
 r - a potion of magic {unknown}


   Skills:
 + Level 0.8 Fighting
 - Level 1.0 Throwing
 + Level 3.3 Dodging
 + Level 3.3 Stealth
 + Level 6.2 Spellcasting
 + Level 7.1 Conjurations
 + Level 1.6 Translocations


You had 11 spell levels left.
You knew the following spells:

 Your Spells              Type           Power        Failure   Level
a - Magic Dart            Conj           100%         1%          1
b - Searing Ray           Conj           86%          1%          2
c - Iskenderun's Mystic   Conj/Tloc      29%          12%         4

Your spell library contained the following spells:

 Spells                   Type           Power        Failure   Level
 Dazzling Flash           Conj/Hex       50%          4%          3
 Corona                   Hex            7%           8%          1
 Ensorcelled Hibernation  Hex/Ice        14%          11%         2
 Fulminant Prism          Conj/Hex       12%          17%         4
 Confusing Touch          Hex            7%           22%         3
 Tukima's Dance           Hex            7%           22%         3


Dungeon Overview and Level Annotations

Branches:
Dungeon (4/15)              Sewer (visited)
 Temple: D:4-7

Altars:
Qazlal

Annotations:
D:4 Pikel


Message History

Aiming: Searing Ray (safe; 1% risk of failure)
Press: ? - help, Shift-Dir - straight line, f/p - Pikel
Aim: Pikel, wielding a +2 whip of flaming and wearing a +0 robe (severely wounded, 23% to evade)
The searing ray hits Pikel.
Pikel is severely wounded. (Press . to maintain the ray.)
The lemure hits you.
* * * LOW HITPOINT WARNING * * *
The searing ray hits Pikel.
Pikel is almost dead.
The lemure closely misses you.
It was a potion of curing.
You feel better. The lemure closely misses you.
The lemure hits you but does no damage. The lemure hits you!
* * * LOW HITPOINT WARNING * * *
It was a potion of berserk rage.
A red film seems to cover your vision as you go berserk!
You feel yourself moving faster!
You feel mighty! The lemure hits you!
* * * LOW HITPOINT WARNING * * *
The lemure hits you.
You die...

*****,,,,,*###.### #..†..########
*,,,,,*#.....# ###†##.##≈≈≈≈≈
*,,,,,*#.....# #.####≈.≈...
*,,,,,*#.....# ##'###..≈≈≈≈≈
*,,,,,*#.....# #...##..#####
*,,,,,*#.....## #...##≈≈≈≈≈≈≈
*,,,,,*#......# #...###≈≈≈≈≈≈
*,,,,,*#...55.# ##'##.#######
*,,,,,*#...5@.#* #.##.....#
*,*****#...5K..###.####.#####
*,,,,........................
*********###.....#..##.###.######
*,,,,,,,,,*###...........#.#
,,,,,,,,,,,,,...........##.#
,,,,,,,,,,**##.####.#...##.#
*,,,,,,,,,,,*#.* #.....##.#
***********,**,* ##....##.#


You could see Pikel and 4 lemures.

Vanquished Creatures
  2 bullfrogs (Sewer)
  A scorpion (D:4)
  Natasha (thrice) (D:2)
  A hound skeleton (D:3)
  5 gnolls
  7 adders
  12 oozes (Sewer)
  A worm (D:3)
  3 dart slugs
  11 leopard geckos
  2 orcs (D:3)
  7 bats
  22 giant cockroaches
  7 goblins
  8 hobgoblins
  2 jackals (D:3)
  8 kobolds
  2 quokkas
  16 ball pythons
  13 frilled lizards
  7 rats
140 creatures vanquished.

Notes
Turn   | Place    | Note
-------+----------+-------------------------------------------
     0 | D:1      | hawla the Deep Elf Conjurer began the quest for the Orb.
     0 | D:1      | Reached XP level 1. HP: 10/10 MP: 6/6
   271 | D:1      | Reached XP level 2. HP: 15/15 MP: 5/8
   274 | D:1      | Learned a level 2 spell: Searing Ray
   367 | D:1      | Reached skill level 1 in Translocations
   663 | D:1      | Reached XP level 3. HP: 16/19 MP: 6/9
  1387 | D:2      | Reached skill level 5 in Conjurations
  1421 | D:2      | Reached XP level 4. HP: 24/24 MP: 7/12
  1806 | D:2      | Found a stormy altar of Qazlal.
  2031 | D:2      | Noticed Natasha
  2033 | D:2      | Killed Natasha
  2163 | D:2      | Noticed Natasha
  2168 | D:2      | Killed Natasha
  2169 | D:2      | Reached skill level 5 in Spellcasting
  2169 | D:2      | Reached XP level 5. HP: 20/28 MP: 9/14
  2174 | D:2      | Learned a level 4 spell: Iskenderun's Mystic Blast
  2209 | D:2      | Noticed Natasha
  2214 | D:2      | Killed Natasha
  3428 | D:3      | Reached skill level 6 in Conjurations
  3739 | D:4      | Found a glowing drain.
  3751 | Sewer    | Entered a sewer
  3984 | Sewer    | Reached XP level 6. HP: 30/32 MP: 9/16
  4620 | Sewer    | Reached skill level 7 in Conjurations
  4839 | D:4      | Reached XP level 7. HP: 37/37 MP: 8/18
  4901 | D:4      | Reached skill level 1 in Throwing
  5004 | D:4      | Noticed Pikel
  5016 | D:4      | Slain by a lemure

Illustrated notes

Levels and vault maps discovered:
D:1:      minmay_arrival_stone_box, layout_basic, minmay_circled_x
D:2:      layout_basic, nicolae_qazlal_general_emergency, uniq_natasha
D:3:      layout_loops_ring
D:4:      layout_basic, gup_sewer_entry_pipe, uniq_pikel, uniq_edmund,
          uniq_duvessa

Skill      XL: |  1  2  3  4  5  6  7 |
---------------+----------------------+-----
Translocations | 1 |  1.6
Stealth        | 3 |  3.3
Dodging        | 3 |  3.3
Spellcasting   | 4 5 6 |  6.2
Conjurations   | 5 6 7 |  7.1
Throwing       | 1 |  1.0
Fighting       | |  0.8

Action                   |  1- 3 |  4- 6 |  7- 9 || total
-------------------------+-------+-------+-------++-------
Melee: Unarmed           |    14 |    13 |       ||    27
 Cast: Magic Dart        |    22 |    47 |     1 ||    70
       Searing Ray       |    19 |    66 |     7 ||    92
       Iskenderun's Myst |       |     4 |     1 ||     5
  Use: Scroll            |     7 |     5 |       ||    12
       Potion            |       |       |     2 ||     2
Armor: Robe              |     6 |     3 |     4 ||    13
Dodge: Dodged            |    12 |    28 |     4 ||    44
